 Dungeon Crawl Stone Soup version 0.21-a0-142-gdd972a7 (webtiles) character file.

198 Arkorax the Skirmisher (level 5, -5/34 HPs)
             Began as a Gargoyle Fighter on July 24, 2017.
             Killed by divine providence
             ... invoked by an orc priest
              (9 damage)
             ... on level 3 of the Dungeon.
             The game lasted 00:01:54 (1919 turns).

Arkorax the Skirmisher (Gargoyle Fighter)           Turns: 1919, Time: 00:01:55

Health: -5/34      AC: 13    Str: 21    XL:     5   Next: 77%
Magic:  5/5        EV:  7    Int:  8    God:
Gold:   120        SH:  9    Dex:  9    Spells: 4/4 levels left

rFire    + . .     SeeInvis +   a - +0 war axe
rCold    x . .     Gourm    .   c - +0 shield
rNeg     + . .     Faith    .   b - +0 scale mail
rPois    ∞         Spirit   .   p - +1 helmet {SInv}
rElec    +         Reflect  .   (no cloak)
rCorr    .         Harm     .   (no gloves)
MR       .....                  (no boots)
Stlth    ..........             (no amulet)
HPRegen  0.11/turn              o - ring of fire (curse)
MPRegen  0.09/turn              (no ring)

@: no status effects
A: negative energy resistance 1, electricity resistance, unbreathing,
petrification resistance, rot immunity, AC +4
a: no special abilities


You were on level 3 of the Dungeon.
You were hungry.

You visited 1 branch of the dungeon, and saw 3 of its levels.

You collected 120 gold pieces.

Inventory:

Hand Weapons
 a - a +0 war axe (weapon)
Armour
 b - a +0 scale mail (worn)
 c - a +0 shield (worn)
 p - a +1 helmet of see invisible (worn)
Jewellery
 o - a cursed ring of fire (left hand)
Wands
 r - a wand of flame (43/48)
Scrolls
 g - 2 scrolls of teleportation {unknown}
 j - a scroll of random uselessness {unknown}
 k - 2 scrolls of fear {unknown}
 l - a scroll of magic mapping {unknown}
 m - 2 scrolls of identify {unknown}
 u - 2 scrolls of remove curse {unknown}
 x - a scroll of amnesia {unknown}
Potions
 d - a potion of might
 e - a potion of agility {unknown}
 n - a potion of flight {unknown}
 q - a potion of heal wounds {unknown}
 s - a potion of curing {unknown}
Comestibles
 f - 4 bread rations
 h - 4 fruits
 i - 2 royal jellies
 t - 2 meat rations


   Skills:
 + Level 4.7 Fighting
 * Level 3.7 Axes
 - Level 3.2 Armour
 + Level 4.3 Shields


You had 4 spell levels left.
You didn't know any spells.

Dungeon Overview and Level Annotations

Branches:
Dungeon (3/15)

Altars:
Ashenzari


Innate Abilities, Weirdness & Mutations

You are resistant to torment.
Your stone body is resilient. (AC +4)
You are immune to poison.
You resist negative energy. (rN+)
You are resistant to electric shocks. (rElec)
You can survive without breathing.
You are immune to petrification.
You are immune to rotting.


Message History

The orc priest hits you but does no damage.
You block the orc's attack.
You barely miss the orc priest.
The orc priest is moderately wounded.
Your shield and scale mail prevent you from hitting the orc.
You block the orc's attack. You block the orc priest's attack.
You closely miss the orc priest.
The orc priest is moderately wounded.
Your shield and scale mail prevent you from hitting the orc.
You block the orc's attack. You block the orc priest's attack.
You hit the orc priest.
The orc priest is severely wounded.
You hit the orc. The orc closely misses you.
The orc priest invokes the aid of Beogh against you.
Beogh smites you!
* * * LOW HITPOINT WARNING * * *
The orc closely misses you.
The orc priest calls down the wrath of Beogh upon you.
Beogh smites you!
You die...

#.#.##.# #......# ..
###.#### ### .. #.# #..
.. ###.#### #.# .# #
.......# #.# .##.#
###.##.# #.# r..
###.##.# #.###o##
##...#†######.##@o.#..#
......................+
##...#.#########...##.#
###.##.# ##....?#
###.##.# .#####
.......# .# ###.#### .#
#.# .# #.#


You could see an orc priest, an orc and a rat.

Vanquished Creatures
  A bullfrog (D:3)
  Robin (D:2)
  4 gnolls (D:3)
  An adder (D:2)
  2 worms (D:2)
  A dart slug (D:2)
  3 leopard geckos
  4 orcs (D:3)
  A ball python (D:3)
  2 giant cockroaches (D:2)
  12 goblins
  10 hobgoblins
  A quokka (D:2)
  4 bats
  2 frilled lizards
  6 kobolds (D:2)
  5 rats
60 creatures vanquished.

Notes
Turn   | Place    | Note
-------+----------+-------------------------------------------
     0 | D:1      | Arkorax the Gargoyle Fighter began the quest for the Orb.
     0 | D:1      | Reached XP level 1. HP: 14/14 MP: 1/1
   212 | D:1      | Reached XP level 2. HP: 17/19 MP: 2/2
   625 | D:2      | Found a shattered altar of Ashenzari.
   636 | D:2      | Reached XP level 3. HP: 23/23 MP: 3/3
   721 | D:2      | Noticed Robin
   726 | D:2      | Killed Robin
   726 | D:2      | Reached XP level 4. HP: 19/29 MP: 4/4
  1348 | D:3      | Noticed a bullfrog
  1351 | D:3      | Killed a bullfrog
  1351 | D:3      | Reached XP level 5. HP: 29/34 MP: 5/5
  1919 | D:3      | Killed from afar by an orc priest

Vault maps used:
D:1:      minmay_arrival_shoal_huts, glass_columns_b
D:2:      nicolae_overflow_hidden_temple, uniq_robin

Skill      XL: |  1  2  3  4 |
---------------+-------------+-----
Axes           | 2 3 |  3.7
Fighting       | 4 |  4.7
Shields        | 4 |  4.3
Armour         | |  3.2

Action                   |  1- 3 |  4- 6 || total
-------------------------+-------+-------++-------
Melee: War axe           |   106 |   101 ||   207
  Eat: Chunk             |       |     3 ||     3
Armor: Scale mail        |    52 |    48 ||   100
Dodge: Dodged            |    27 |    26 ||    53
Block: Shield            |    54 |    41 ||    95
